 Dungeon Crawl Stone Soup version 0.27.1-2-g3b301248ec (webtiles) character file.

Game seed: 9789418029465461513

51 barney the Insei (level 3, 0/28 HPs)
             Began as a Demigod Transmuter on Sept 27, 2021.
             Succumbed to miscasting Spider Form's poison
             ... on level 2 of the Dungeon.
             The game lasted 00:01:22 (2419 turns).

barney the Insei (Demigod Transmuter)               Turns: 2419, Time: 00:01:23

Health: 0/28       AC:  2    Str: 11    XL:     3   Next: 38%
Magic:  4/8        EV: 12    Int: 19    God:
Gold:   16         SH:  0    Dex: 14    Spells: 1/5 levels left

rFire    . . .     SeeInvis .   c - +1 dagger (pain)
rCold    . . .     Faith    .   (no shield)
rNeg     . . .     Spirit   .   a - +0 robe
rPois    .         Reflect  .   (helmet currently unavailable)
rElec    .         Harm     .   (no cloak)
rCorr    .         Rampage  .   (no gloves)
Will     .....                  (boots currently unavailable)
Stlth    +.........             (no amulet)
HPRegen  0.09/turn              (no ring)
MPRegen  0.11/turn              (no ring)

@: lethally poisoned (0 -> -3), appendages, very slightly contaminated
A: horns 2, talons 2, high mp 1, forlorn
a: End Transformation


You were on level 2 of the Dungeon.
You had temporarily grown beastly horns and talons.
You visited 1 branch of the dungeon, and saw 2 of its levels.

You collected 16 gold pieces.

Inventory:

Hand Weapons
 c - a +1 dagger of pain (weapon)
Armour
 a - a +0 robe (worn)
Scrolls
 d - a scroll of silence {unknown}
 e - a scroll of vulnerability {unknown}
 f - a scroll of teleportation {unknown}


   Skills:
 + Level 1.6 Fighting
 - Level 1.7 Dodging
 + Level 3.1 Unarmed Combat
 - Level 1.7 Spellcasting
 * Level 2.9 Transmutations


You had one spell level left.
You knew the following spells:

 Your Spells              Type           Power      Damage    Failure   Level
a - Beastly Appendage     Tmut           24%        N/A       5%          1
b - Spider Form           Tmut/Pois      3%         N/A       28%         3

Your spell library contained the following spells:

 Spells                   Type           Power      Damage    Failure   Level
 Wereblood                Tmut           12%        N/A       8%          2
 Ice Form                 Ice/Tmut       7%         N/A       67%         4


Dungeon Overview and Level Annotations

Branches:
Dungeon (2/15)

Shops:
D:2 (


Innate Abilities, Weirdness & Mutations

You have temporarily grown beastly horns and talons.
Your attributes grow dramatically as you level up.
You have an increased reservoir of magic. (+10% MP)
You shall have no god before yourself.


Message History

You barely miss the adder. The quokka barely misses you.
The adder completely misses you. The quokka bites you. The quokka misses you.
Things that are here:
a +0 dagger; 14 poisoned darts; a kobold corpse You hit the quokka.
The quokka is severely wounded.
The quokka misses you.
You closely miss the quokka.
The quokka is heavily wounded.
The quokka bites you.
You hit the quokka.
The quokka is almost dead.
The quokka barely misses you.
You barely miss the quokka.
The quokka is almost dead.
The quokka barely misses you. The quokka closely misses you.
Casting: Beastly Appendage (safe; 5% risk of failure)
Confirm with . or Enter, or press ? or * to list all spells.
You grow a pair of large bovine horns.
Your feet morph into talons.
The quokka bites you.
* * * LOW HITPOINT WARNING * * *
Unknown command.
Casting: Beastly Appendage (safe; 5% risk of failure)
Confirm with . or Enter, or press ? or * to list all spells.
The spell is extremely dangerous to cast (28% risk of failure)!
Continue anyway?
You miscast Spider Form.
You are very lightly contaminated with residual magic.
You feel incredibly sick.
You are poisoned.
* * * LOW HITPOINT WARNING * * *
x2 You feel sick.
The quokka misses you.
Unknown command.
You hit the quokka.
You kill the quokka!
* * * LOW HITPOINT WARNING * * *
You feel sick.
You hit the kobold. Your kick misses the kobold. Your punch misses the kobold.
The kobold is heavily wounded.
You die...

.. #......# #.∩.......#.##
... #......# #.....†...+...
....#......# #.........#...
....#......# ####.#....##..
#.........# #.†...........
#.........# #.........##.#
#.........# #.........##.#
#######.#########'#....##..
.......S)K@.......#########
#######$########### #.# #.#
#.# #.# ..# ###


You could see an adder and a kobold.

Vanquished Creatures
  An adder (D:2)
  A dart slug (D:1)
  2 endoplasms (D:1)
  9 giant cockroaches
  A hobgoblin (D:1)
  2 jackals (D:1)
  5 quokkas
  2 ball pythons (D:1)
  2 bats
  A frilled lizard (D:1)
  4 goblins (D:1)
  3 kobolds
  4 rats (D:1)
37 creatures vanquished.

Notes
Turn   | Place    | Note
-------+----------+-------------------------------------------
     0 | D:1      | barney the Demigod Transmuter began the quest for the Orb.
     0 | D:1      | Reached XP level 1. HP: 15/15 MP: 5/5
    53 | D:1      | Reached skill level 1 in Fighting
   582 | D:1      | Reached XP level 2. HP: 20/23 MP: 5/7
   785 | D:1      | Reached skill level 3 in Unarmed Combat
  1647 | D:1      | Reached XP level 3. HP: 28/28 MP: 8/8
  1651 | D:1      | Learned a level 3 spell: Spider Form
  2087 | D:2      | HP: 1/28 [poisoned by an adder]
  2322 | D:2      | Found Orokam's Antique Weapon Emporium.
  2418 | D:2      | HP: 1/28 [poisoned by miscasting Spider Form]
  2419 | D:2      | Succumbed to miscasting Spider Form's poison

Illustrated notes

Levels and vault maps discovered:
D:1:      dpeg_arrival_fog, layout_loops_corners,
          shapermc_ecumenical_altar_starsandcircs, minmay_worlds_worst_comb
D:2:      layout_basic, serial_shops, shop,
          nicolae_shop_temple_entry_statues_fountains, shop,
          nicolae_shop_statue_plus

Skill      XL: |  1  2 |
---------------+-------+-----
Fighting       | 1 |  1.6
Transmutations | 2 |  2.9
Unarmed Combat | 3 |  3.1
Dodging        | |  1.7
Spellcasting   | |  1.7

Action                   || total
-------------------------++-------
Melee: Unarmed           ||    19
       Dagger            ||   117
       Kick              ||     5
       Headbutt          ||     5
 Cast: Beastly Appendage ||    10
  Use: Potion            ||     1
 Stab: Sleeping          ||     2
Armor: Robe              ||    27
Dodge: Dodged            ||    86
